 Dungeon Crawl Stone Soup version 0.22-a0-354-g30dfbe6 (webtiles) character file.

177 Kairos the Shield-Bearer (level 5, 0/43 HPs)
             Began as a Formicid Fighter on Apr 16, 2018.
             Killed from afar by Natasha (7 damage)
             ... with a magic dart
             ... on level 2 of the Dungeon.
             The game lasted 00:02:05 (1353 turns).

Kairos the Shield-Bearer (Formicid Fighter)         Turns: 1353, Time: 00:02:05

Health: 0/43       AC:  7    Str: 21    XL:     5   Next: 88%
Magic:  5/5        EV:  8    Int:  8    God:
Gold:   84         SH:  9    Dex: 10    Spells: 4/4 levels left

rFire    . . .     SeeInvis +   a - +0 war axe
rCold    . . .     Gourm    .   c - +0 shield
rNeg     . . .     Faith    .   b - +0 scale mail
rPois    .         Spirit   .   (helmet unavailable)
rElec    .         Reflect  .   (no cloak)
rCorr    .         Harm     .   (no gloves)
MR       .....                  (no boots)
Stlth    ..........             (no amulet)
HPRegen  0.14/turn              (no ring)
MPRegen  0.09/turn              (no ring)

@: no status effects
A: permanent stasis, dig shafts and tunnels, four strong arms, antennae 3
a: Dig, Shaft Self


You were on level 2 of the Dungeon.
You were hungry.

You visited 1 branch of the dungeon, and saw 2 of its levels.

You collected 84 gold pieces.

Inventory:

Hand Weapons
 a - a +0 war axe (weapon)
 j - a cursed -3 whip
Armour
 b - a +0 scale mail (worn)
 c - a +0 shield (worn)
Scrolls
 e - a scroll of remove curse {unknown}
 i - a scroll of noise {unknown}
 k - 2 scrolls of identify {unknown}
 m - 3 scrolls of amnesia {unknown}
Potions
 d - a potion of might
 g - a potion of mutation {unknown}
 h - a potion of curing {unknown}
 l - a potion of haste
Comestibles
 f - 2 rations


   Skills:
 + Level 4.3 Fighting
 + Level 4.0 Axes
 + Level 3.7 Armour
 + Level 0.3 Dodging
 + Level 4.4 Shields


You had 4 spell levels left.
You didn't know any spells.

Dungeon Overview and Level Annotations

Branches:
Dungeon (2/15)

Altars:
Wu Jian

Annotations:
D:2 Natasha


Innate Abilities, Weirdness & Mutations

You cannot be hasted, slowed, berserked, paralysed or teleported.
You can dig through walls and to a lower floor.
Your four strong arms can wield two-handed weapons with a shield.
You have a pair of large antennae on your head. (SInv)


Message History

Natasha is lightly wounded.
Natasha claws you! Natasha barely misses you.
Your shield and scale mail prevent you from hitting Natasha.
Natasha is lightly wounded.
Natasha stares at you and mumbles some strange words.
The magic dart hits you! You block Natasha's attack.
You are too injured to fight recklessly!
You are too injured to fight recklessly!
You are too injured to fight recklessly!
You are too injured to fight recklessly!
You are too injured to fight recklessly!
Your shield and scale mail prevent you from hitting Natasha.
Natasha is lightly wounded.
Natasha claws you. Natasha claws you!
* * * LOW HITPOINT WARNING * * *
You closely miss Natasha.
Natasha is lightly wounded.
Natasha stares at you and mumbles some strange words.
The magic dart hits you!
You die...

..... #........# #..##.#########
..... #........# ##.##.# .....
#........####..#'######### 8###8
#........#................
########........#.###............
<...............#.# #............
................#.###..>.........
............[..h#.##.............
.....#####'#....@.#..............
##########.######................
.....................##+#########
.######.....#####.##....# .###
##.#.....###...##### ...#
#..###.#...###(#
.#.###.##...###.# #(#
##.(รท(.......#..# #.#
####(.#.._..#.# #.#


You could see Natasha.

Vanquished Creatures
  A crimson imp (D:2)
  Terence (D:2)
  Natasha (D:2)
  Robin (D:2)
  A worm (D:2)
  3 dart slugs
  A leopard gecko (D:2)
  7 bats
  10 giant cockroaches
  13 goblins
  11 hobgoblins
  8 jackals
  2 frilled lizards
  4 kobolds (D:2)
  4 rats
68 creatures vanquished.

Notes
Turn   | Place    | Note
-------+----------+-------------------------------------------
     0 | D:1      | Kairos the Formicid Fighter began the quest for the Orb.
     0 | D:1      | Reached XP level 1. HP: 18/18 MP: 1/1
    93 | D:1      | Reached XP level 2. HP: 24/24 MP: 2/2
   331 | D:1      | Reached XP level 3. HP: 30/30 MP: 3/3
   634 | D:2      | Noticed Robin
   646 | D:2      | Killed Robin
   646 | D:2      | Reached XP level 4. HP: 25/37 MP: 4/4
   675 | D:2      | Noticed Terence
   688 | D:2      | Killed Terence
   944 | D:2      | Found an ornate altar of the Wu Jian Council.
   978 | D:2      | Reached XP level 5. HP: 31/42 MP: 5/5
  1171 | D:2      | Noticed Natasha
  1174 | D:2      | Killed Natasha
  1348 | D:2      | Noticed Natasha
  1353 | D:2      | Killed from afar by Natasha

Vault maps used:
D:1:      wheals_arrival_shading, serial_park_tiny_pond
D:2:      minmay_roachtagon, corexii_hall_statues_deadend, minmay_hexomino_r4,
          uniq_natasha, uniq_robin, uniq_terence

Skill      XL: |  1  2  3  4  5 |
---------------+----------------+-----
Shields        | 4 |  4.4
Fighting       | 4 |  4.3
Axes           | 3 4 |  4.0
Armour         | |  3.7
Dodging        | |  0.3

Action                   |  1- 3 |  4- 6 || total
-------------------------+-------+-------++-------
Melee: War axe           |    73 |   102 ||   175
  Eat: Chunk             |       |     1 ||     1
Armor: Scale mail        |    35 |    46 ||    81
Dodge: Dodged            |    35 |    33 ||    68
Block: Shield            |    40 |    65 ||   105

Table legend:
 A = Spawn XP
 B = Non-spawn XP
 C = Spawn XP percentage of total XP
 D = Spawn monster count
 E = Non-spawn monster count
 F = Spawn count percentage of total count
 G = Total turns spent on level
                    A         B        C        D         E        F      G
               +---------+---------+-------+---------+---------+-------+---------
         Total |       0 |     254 |   0.0 |       0 |      68 |   0.0 |  1353
               +---------+---------+-------+---------+---------+-------+---------
           D:1 |       0 |      48 |   0.0 |       0 |      24 |   0.0 |   622
           D:2 |       0 |     206 |   0.0 |       0 |      44 |   0.0 |   731
               +---------+---------+-------+---------+---------+-------+---------
